 Dungeon Crawl Stone Soup version 0.24-a0-530-g18ba70b503 (webtiles) character file.

Game seed: 14179123854554751762

231 DasRunzen the Skirmisher (level 5, 0/42 HPs)
             Began as a Demonspawn Fighter on Aug 7, 2019.
             Killed by divine providence
             ... invoked by an orc priest
              (15 damage)
             ... on level 3 of the Dungeon.
             The game lasted 00:03:30 (2526 turns).

DasRunzen the Skirmisher (Demonspawn Fighter)       Turns: 2526, Time: 00:03:33

Health: 0/42       AC:  7    Str: 17    XL:     5   Next: 73%
Magic:  5/5        EV:  4    Int:  9    God:
Gold:   110        SH: 10    Dex: 13    Spells: 4/4 levels left

rFire    . . .     SeeInvis .   a - +0 war axe
rCold    . . .     Gourm    .   c - +1 shield
rNeg     . . .     Faith    .   i - +0 scale mail (curse)
rPois    .         Spirit   .   (no helmet)
rElec    .         Reflect  .   (no cloak)
rCorr    .         Harm     .   (no gloves)
MR       .....                  (no boots)
Stlth    ..........             (no amulet)
HPRegen  0.14/turn              (no ring)
MPRegen  0.09/turn              (no ring)

@: lethally poisoned (0 -> -1), constricted
A: hooves 1, demonic guardian 2
a: no special abilities


You were on level 3 of the Dungeon.
You were very hungry.

You visited 1 branch of the dungeon, and saw 3 of its levels.

You collected 110 gold pieces.

Inventory:

Hand Weapons
 a - a +0 war axe (weapon)
Armour
 c - a +1 shield (worn)
 i - a cursed +0 scale mail (worn)
Scrolls
 e - a scroll of teleportation
 j - a scroll of remove curse {unknown}
 l - a scroll of immolation {unknown}
Potions
 d - a potion of might
 g - 3 potions of cancellation
 k - a potion of curing {unknown}
Comestibles
 f - 6 rations


   Skills:
 + Level 4.1 Fighting
 + Level 3.1 Axes
 + Level 3.7 Armour
 + Level 3.7 Shields


You had 4 spell levels left.
You didn't know any spells.
Your spell library was empty.

Dungeon Overview and Level Annotations

Branches:
Dungeon (3/15)

Altars:


Innate Abilities, Weirdness & Mutations

You have large cloven feet.
A demonic guardian rushes to your aid.


Message History

The ball python hisses angrily.
You kick the orc priest.
The orc priest is severely wounded.
The orc priest hits you but does no damage.
You barely miss the orc priest. You kick the orc priest.
The orc priest is severely wounded.
You feel sick.
The orc priest looks braver for a moment.
You hit the orc priest but do no damage.
The orc priest is severely wounded.
The orc priest mumbles some strange prayers to Beogh against you.
Beogh smites you! The orc priest hits you with a +0 mace.
You hit the orc priest. Your kick misses the orc priest.
The orc priest is almost dead.
You closely miss the ball python.
The ball python bites you but does no damage.
The ball python grabs you. The ball python constricts you.
The orc priest mumbles some strange prayers to Beogh against you.
Beogh smites you!
You die...

........#########...........#
#.............# ####..##.....
..........##### ##..#.....
#.........# #..#.#...
#......#..### ####...#...
#......#....#####..........)[
######.#######......<..##..###)).
.......########.S.<.#..#...# #.†.
................@##......#.##..#.
.......########.o÷#.....##.##.##.
.........### ##..............##.
.....)##.>..####.#.......#.###...
#.#####..............# # #.##
###o##.............#...#.###. #
#......##...#...#........)...##
#.)######.o...#....##..#.##...#
#.....####.#.####..##....# #..


You could see an orc priest and a ball python.

Vanquished Creatures
  Natasha (thrice) (D:2)
  An adder (D:2)
  2 dart slugs (D:1)
  A leopard gecko (D:2)
  8 orcs (D:3)
  8 goblins
  6 hobgoblins
  4 jackals (D:2)
  2 ball pythons
  8 bats
  A frilled lizard (D:2)
  6 kobolds
  7 rats
57 creatures vanquished.

Vanquished Creatures (collateral kills)
  A centaur (D:3)
1 creature vanquished.

Vanquished Creatures (others)
  A goblin (D:3)
1 creature vanquished.

Grand Total: 59 creatures vanquished

Notes
Turn   | Place    | Note
-------+----------+-------------------------------------------
     0 | D:1      | DasRunzen the Demonspawn Fighter began the quest for the
                  | Orb.
     0 | D:1      | Reached XP level 1. HP: 18/18 MP: 1/1
   287 | D:1      | You fall into a shaft and drop 1 floor!
   351 | D:2      | Gained mutation: A weak demonic guardian rushes to your
                  | aid. [demonic ancestry]
   351 | D:2      | Reached XP level 2. HP: 11/24 MP: 2/2
   778 | D:1      | Gained mutation: You have large cloven feet. [demonic
                  | ancestry]
   778 | D:1      | Reached XP level 3. HP: 18/29 MP: 3/3
  1281 | D:2      | Noticed Natasha
  1286 | D:2      | Killed Natasha
  1286 | D:2      | Reached XP level 4. HP: 23/35 MP: 4/4
  1300 | D:2      | Noticed Natasha
  1311 | D:2      | Killed Natasha
  1577 | D:2      | Noticed Natasha
  1588 | D:2      | Killed Natasha
  1799 | D:3      | Noticed a centaur
  1810 | D:3      | Killed a centaur
  1810 | D:3      | Reached skill level 4 in Fighting
  1810 | D:3      | Gained mutation: A demonic guardian rushes to your aid.
                  | [demonic ancestry]
  1810 | D:3      | Reached XP level 5. HP: 12/42 MP: 5/5
  2526 | D:3      | Killed from afar by an orc priest

Levels and vault maps discovered:
D:1:      psy_arrival_statuary, layout_loops_corners
D:2:      layout_loops_ring, uniq_natasha
D:3:      layout_rooms, uniq_crazy_yiuf_cottage, uniq_grinder

Skill      XL: |  1  2  3  4 |
---------------+-------------+-----
Axes           | 2 3 |  3.1
Armour         | 3 |  3.7
Shields        | 3 |  3.7
Fighting       | 4 |  4.1

Action                   |  1- 3 |  4- 6 || total
-------------------------+-------+-------++-------
Melee: War axe           |    78 |    79 ||   157
       Kick              |     6 |    20 ||    26
  Use: Scroll            |     3 |       ||     3
       Potion            |       |     2 ||     2
  Eat: Chunk             |     1 |     3 ||     4
Armor: Scale mail        |    48 |    36 ||    84
Dodge: Dodged            |    26 |    23 ||    49
Block: Shield            |    55 |    43 ||    98

Table legend:
 A = Non-vault XP
 B = Vault XP
 C = Vault XP percentage of total XP
 D = Non-vault monster count
 E = Vault monster count
 F = Vault count percentage of total count
                 A         B        C        D         E       F
            +---------+---------+-------+---------+---------+-------
      Total |     295 |      36 |  10.9 |      57 |       1 |   1.7
            +---------+---------+-------+---------+---------+-------
        D:1 |      15 |       0 |   0.0 |       6 |       0 |   0.0
        D:2 |     122 |      36 |  22.8 |      26 |       1 |   3.7
        D:3 |     158 |       0 |   0.0 |      25 |       0 |   0.0
            +---------+---------+-------+---------+---------+-------
